 Dungeon Crawl Stone Soup version 0.23.2-1-ga50397a (webtiles) character file.

Game seed: 14750439901766899706

847 MalarOregon the Digger (level 8, -11/60 HPs)
             Began as a Barachi Earth Elementalist on May 12, 2019.
             Mangled by an orc warrior
             ... wielding a +0 trident of protection
              (12 damage)
             ... on level 5 of the Dungeon.
             The game lasted 00:12:21 (5192 turns).

MalarOregon the Digger (Barachi Earth Elementalist) Turns: 5192, Time: 00:12:22

Health: -11/60     AC:  4    Str: 13    XL:     8   Next: 0%
Magic:  9/23       EV: 13    Int: 15    God:
Gold:   384        SH:  0    Dex: 12    Spells: 7/15 levels left

rFire    + . .     SeeInvis .   a - +1 dagger (elec)
rCold    . . .     Gourm    .   (no shield)
rNeg     . . .     Faith    .   u - +0 leather armour {rF+}
rPois    +         Spirit   .   (no helmet)
rElec    .         Reflect  .   (no cloak)
rCorr    .         Harm     .   (no gloves)
MR       .....                  j - +0 pair of boots
Stlth    ++........             (no amulet)
HPRegen  0.20/turn              g - ring of magical power
MPRegen  0.18/turn              y - ring of poison resistance

@: very slightly contaminated, slow
A: +LOS, swims, slowness 1, strong legs 1
a: Hop


You were on level 5 of the Dungeon.
You were not hungry.

You visited 1 branch of the dungeon, and saw 5 of its levels.
You also visited: Ossuary.

You collected 384 gold pieces.

Inventory:

Hand Weapons
 a - a +1 dagger of electrocution (weapon)
   (You took it off a goblin on level 1 of the Dungeon)
 b - a +1 dagger of venom
   (You took it off a goblin on level 3 of the Dungeon)
 m - a +0 falchion
   (You took it off Terence on level 2 of the Dungeon)
Missiles
 v - 3 tomahawks (quivered)
Armour
 c - a +2 leather armour of fire resistance
   (You found it on level 5 of the Dungeon)
 j - a +0 pair of boots (worn)
   (You found it on level 1 of the Dungeon)
 n - a +3 chain mail of poison resistance
   (You took it off Terence on level 2 of the Dungeon)
 u - a +0 leather armour of fire resistance (worn)
   (You took it off an orc on level 4 of the Dungeon)
Jewellery
 g - a ring of magical power (left hand)
   (You found it on level 2 of the Dungeon)
 y - a ring of poison resistance (right hand)
   (You found it on level 5 of the Dungeon)
Wands
 l - a wand of polymorph (6)
   (You took it off Blork the orc on level 4 of the Dungeon)
Scrolls
 d - a scroll of fog
 f - 2 scrolls of remove curse {@r2}
 h - 5 scrolls of identify {@r1}
 i - a scroll of amnesia
 s - a scroll of magic mapping {unknown}
Potions
 k - a potion of haste {@q3}
 o - a potion of flight
 p - 4 potions of curing {@q1}
 q - a potion of agility {unknown}
 r - a potion of lignification {!q}
 t - a potion of cancellation {unknown}
 w - a potion of magic {unknown}
 x - 2 potions of degeneration {unknown}
 z - 2 potions of brilliance {unknown}
 A - a potion of heal wounds {unknown}
Comestibles
 e - 6 rations {!d}


   Skills:
 + Level 4.0 Fighting
 + Level 3.4 Short Blades
 + Level 4.6 Dodging
 - Level 1.7 Stealth
 + Level 4.1 Spellcasting
 + Level 3.2 Conjurations
   Level 1.1 Transmutations
 + Level 4.7 Earth Magic


You had 7 spell levels left.
You knew the following spells:

 Your Spells              Type           Power        Failure   Level  Hunger
a - Stone Arrow           Conj/Erth      ###...       13%         3    ###....
b - Lee's Rapid Deconstr  Erth           ###.......   67%         5    ######.

Your spell library contained the following spells:

 Spells                   Type           Power        Failure   Level  Hunger
 Sandblast                Erth           ###...       3%          1    None
 Passwall                 Tmut/Erth      ##......     11%         2    ##.....
 Petrify                  Tmut/Erth      ##......     56%         4    ####...


Dungeon Overview and Level Annotations

Branches:
Dungeon (5/15)
 Temple: D:4-7

Altars:
Ashenzari
Fedhas
Hepliaklqana
Okawaru

Annotations:
D:4 Edmund


Innate Abilities, Weirdness & Mutations

Shadows flee at your approach. (+LOS)
You can swim through water.
You cover ground slowly.
You can hop short distances.


Message History

No target in view!
No target in view!
No target in view!
No target in view!
No target in view!
No target in view!
No target in view!
No target in view!
No target in view!
No target in view!
No target in view!
You are starving!
You eat one of the 7 rations {!d}.
That ration really hit the spot!
An orc warrior comes into view.
It is wielding a +0 trident of protection.
An orc warrior is nearby!
An orc warrior is nearby!
The orc warrior shouts!
The orc warrior throws a stone.
The stone closely misses you.
The orc warrior throws a stone.
The stone closely misses you.
The orc warrior hits you from afar with a +0 trident of protection.
The orc warrior barely misses you.
You hit the orc warrior but do no damage.
Lightning courses through the orc warrior!
The orc warrior hits you with a +0 trident of protection!
You hit the orc warrior but do no damage.
The orc warrior misses you.
You closely miss the orc warrior.
The orc warrior hits you but does no damage.
You hit the orc warrior. You closely miss the orc warrior.
The orc warrior hits you with a +0 trident of protection!!
* * * LOW HITPOINT WARNING * * *
Aim: an orc warrior, wielding a +0 trident of protection and wearing a +0 chain mail (moderately wounded)
The stone arrow hits the orc warrior.
The orc warrior misses you.
Aim: an orc warrior, wielding a +0 trident of protection and wearing a +0 chain mail (heavily wounded)
The stone arrow hits the orc warrior.
The orc warrior hits you with a +0 trident of protection.
* * * LOW HITPOINT WARNING * * *
Aim: an orc warrior, wielding a +0 trident of protection and wearing a +0 chain mail (heavily wounded)
The stone arrow hits the orc warrior.
The orc warrior hits you with a +0 trident of protection!
* * * LOW HITPOINT WARNING * * *
Aim: an orc warrior, wielding a +0 trident of protection and wearing a +0 chain mail (severely wounded)
You miscast Stone Arrow.
You are very lightly contaminated with residual magic.
Sparks fly from your hands! The orc warrior closely misses you.
Aim: an orc warrior, wielding a +0 trident of protection and wearing a +0 chain mail (severely wounded)
The stone arrow hits the orc warrior.
The orc warrior hits you with a +0 trident of protection!
You die...

#.# ###########.#
..........(.#
#########...##
#####..........##
#(....)..##....(##
#.###.#.......#..#### #.#
#>##.##.........# #.#
#.##.##...<#@##.###
#.###.##.........o....#
...##.##.##..........##
#..##.##.####..#.##.#.#
#..##.##.. #..#.##.# ..
#..##.#...###.......###...
#..# .[.#..................
#..##..###.....#.#.#.######
...#..##.##..###.#.#.#


You could see an orc warrior.

Vanquished Creatures
  Menkaure (D:4)
  A centaur (D:5)
  Blork the orc (D:4)
  A howler monkey (D:5)
  A bullfrog zombie (D:5)
  A hound (D:4)
  An orc priest (D:4)
  A bullfrog skeleton (D:4)
  An orc wizard (D:4)
  A centaur skeleton (D:5)
  Terence (D:2)
  A killer bee zombie (D:5)
  2 big kobold zombies (Ossuary)
  8 mummies (Ossuary)
  2 gnolls (D:2)
  6 adders
  An ooze (D:2)
  4 worms
  A dart slug (D:3)
  A leopard gecko (D:2)
  12 orcs
  4 giant cockroaches
  2 gnoll zombies (Ossuary)
  11 goblins
  8 hobgoblins
  5 kobolds
  A quokka (D:4)
  2 ball pythons (D:5)
  9 bats
  3 frilled lizards (D:2)
  A giant cockroach zombie (D:5)
  3 hobgoblin zombies (Ossuary)
  A kobold zombie (Ossuary)
  9 rats
108 creatures vanquished.

Notes
Turn   | Place    | Note
-------+----------+-------------------------------------------
     0 | D:1      | MalarOregon the Barachi Earth Elementalist began the quest
                  | for the Orb.
     0 | D:1      | Reached XP level 1. HP: 13/13 MP: 3/3
   123 | D:1      | Reached XP level 2. HP: 19/20 MP: 0/5
   310 | D:1      | Reached skill level 1 in Fighting
   873 | D:2      | Reached XP level 3. HP: 26/26 MP: 6/6
   891 | D:2      | Noticed Terence
  1614 | D:2      | Learned a level 3 spell: Stone Arrow
  1641 | D:2      | Reached skill level 1 in Short Blades
  1939 | D:2      | Found an iron altar of Okawaru.
  1949 | D:2      | Reached XP level 4. HP: 25/33 MP: 8/8
  2157 | D:2      | Killed Terence
  2256 | D:2      | Reached XP level 5. HP: 38/38 MP: 9/9
  2344 | D:2      | Reached skill level 1 in Conjurations
  2653 | D:3      | Found a blossoming altar of Fedhas.
  3407 | D:4      | Noticed Menkaure
  3423 | D:4      | Killed Menkaure
  3423 | D:4      | Reached XP level 6. HP: 21/46 MP: 6/11
  3590 | D:4      | Learned a level 5 spell: Lee's Rapid Deconstruction
  3599 | D:4      | Noticed Blork the orc
  3615 | D:4      | Killed Blork the orc
  3819 | D:4      | Reached XP level 7. HP: 34/52 MP: 3/12
  3990 | D:4      | Found a hazy altar of Hepliaklqana.
  4066 | D:4      | Found a shattered altar of Ashenzari.
  4096 | D:4      | Noticed Edmund
  4108 | D:5      | Entered Level 5 of the Dungeon
  4232 | D:5      | Found a sand-covered staircase.
  4375 | Ossuary  | Entered an ossuary
  5044 | D:5      | Reached XP level 8. HP: 27/60 MP: 14/14
  5190 | D:5      | HP: 1/60 [orc warrior/+0 trident of protection (16)]
  5192 | D:5      | Mangled by an orc warrior

Skill      XL: |  1  2  3  4  5  6  7 |
---------------+----------------------+-----
Fighting       | 1 2 3 4 |  4.0
Short Blades   | 1 2 3 |  3.4
Dodging        | 3 4 |  4.6
Spellcasting   | 3 4 |  4.1
Conjurations   | 1 2 3 |  3.2
Earth Magic    | 4 |  4.7
Stealth        | |  1.7
Transmutations | |  1.1

Action                   |  1- 3 |  4- 6 |  7- 9 || total
-------------------------+-------+-------+-------++-------
Melee: Unarmed           |     5 |       |       ||     5
       Dagger            |    61 |    71 |   118 ||   250
 Cast: Sandblast         |    24 |    21 |       ||    45
       Stone Arrow       |     3 |    30 |    28 ||    61
 Abil: Hop               |     2 |       |     1 ||     3
  Use: Scroll            |       |     4 |     4 ||     8
 Stab: Sleeping          |     5 |       |       ||     5
  Eat: Ration            |     1 |       |     2 ||     3
       Chunk             |       |     9 |     4 ||    13
Armor: Robe              |     9 |    19 |     2 ||    30
       Leather armour    |       |       |    12 ||    12
Dodge: Dodged            |    43 |    62 |    70 ||   175
